 Dungeon Crawl Stone Soup version 0.24.0-123-gd5b16e6ec5 (webtiles) character file.

Game seed: 6940922214427912014, levelgen mode: deterministic

24738 Emblim88 the Grappler (level 12, 0/123 HPs)
             Began as a Troll Monk on Jan 14, 2020.
             Was a High Priest of Okawaru.
             Slain by a fire elemental (11 damage)
             ... led by Azrael
             ... on level 13 of the Dungeon on Jan 15, 2020.
             The game lasted 01:14:54 (13734 turns).

Emblim88 the Grappler (Troll Monk)                 Turns: 13734, Time: 01:14:54

Health: 0/123      AC:  8    Str: 26    XL:     12   Next: 83%
Magic:  13/17      EV: 10    Int:  9    God:    Okawaru [*****.]
Gold:   128        SH:  3    Dex:  9    Spells: 3/11 levels left

rFire    . . .     SeeInvis +     - Unarmed
rCold    + . .     Gourm    +   (no shield)
rNeg     + . .     Faith    .   w - +0 robe of the Planets {rElec rC+ SInv}
rPois    .         Spirit   .   C - +2 hat
rElec    +         Reflect  +   n - scarf {repulsion}
rCorr    .         Harm     .   (gloves unavailable)
MR       .....                  (boots unavailable)
Stlth    +.........             P - +3 amulet of reflection
HPRegen  0.70/turn              z - ring of positive energy
MPRegen  0.15/turn              p - ring "Hust" {Int+3 Dex-3}

@: finesse, repel missiles
A: large, unfitting armour, claws 3, fast metabolism 3, gourmand, regeneration
1, shaggy fur 1, tough skin 3
a: Heroism, Finesse, Renounce Religion


You were on level 13 of the Dungeon.
You worshipped Okawaru.
Okawaru was extremely pleased with you.
You were very full.

You visited 2 branches of the dungeon, and saw 14 of its levels.
You also visited: Sewer.

You collected 752 gold pieces.
You spent 624 gold pieces at shops.

Inventory:

Hand Weapons
 g - the +12 war axe of Nosuseysh {chop, rC+ Str+2, unknown}
   (Okawaru gifted it to you on level 13 of the Dungeon)

   It inflicts extra damage upon your enemies.
   It affects your strength (+2).
   It protects you from cold.
 Q - the cursed +2 mace of Capital Punishment {crush, MR+, unknown}
   (You found it on level 10 of the Dungeon)

   It inflicts extra damage upon your enemies.
   It affects your resistance to hostile enchantments.
   It has a curse placed upon it.
 X - the +3 rapier "Deoch" {flame, rF- rN+ Str+6, unknown}
   (Okawaru gifted it to you on level 13 of the Dungeon)

   It has been specially enchanted to burn those struck by it, causing extra
   injury to most foes and up to half again as much damage against particularly
   susceptible opponents.
   It affects your strength (+6).
   It makes you vulnerable to fire.
   It protects you from negative energy.
Missiles
 e - 6 atropa-tipped darts
 i - 2 silver boomerangs
 k - 6 datura-tipped darts
 l - 537 stones
 q - 46 poisoned darts
 A - 4 large rocks (quivered)
 B - 2 javelins
 D - 6 boomerangs
Armour
 n - a scarf of repulsion (worn)
 w - the +0 robe of the Planets (worn) {rElec rC+ SInv}
   (You found it on level 6 of the Dungeon)

   It protects you from cold.
   It insulates you from electricity.
   It lets you see invisible.
 C - a +2 hat (worn)
 S - a +2 robe of magic resistance
 T - +0 acid dragon scales
Magical Staves
 f - an uncursed staff of conjuration {unknown}
 F - an uncursed staff of conjuration {unknown}
Jewellery
 d - an uncursed ring of poison resistance
 p - the ring "Hust" (right claw) {Int+3 Dex-3}
   (You found it in a sewer)

   [ring of dexterity]

   It affects your intelligence (+3).
   It affects your dexterity (-3).
 z - a ring of positive energy (left claw)
 P - a +3 amulet of reflection (around neck)
Wands
 G - a wand of enslavement (18)
 R - a wand of acid (12)
 U - a wand of flame (14)
 V - a wand of disintegration (11)
Scrolls
 a - 2 scrolls of blinking {unknown}
 j - a scroll of fear {unknown}
 m - a scroll of torment {unknown}
 s - a scroll of immolation
 t - 2 scrolls of teleportation
 v - a scroll of enchant armour
 x - a scroll of amnesia
 y - a scroll of remove curse
 H - a scroll of fog {unknown}
 J - a scroll of magic mapping
 K - a scroll of random uselessness {unknown}
 M - a scroll of noise {unknown}
 N - a scroll of vulnerability {unknown}
 O - a scroll of holy word {unknown}
 Y - a scroll of identify
 Z - a scroll of enchant weapon {unknown}
Potions
 c - 2 potions of flight
 h - a potion of agility
 o - 5 potions of lignification
 r - 3 potions of mutation
 u - a potion of berserk rage
 E - a potion of brilliance
 I - 4 potions of curing
 W - a potion of magic {unknown}
Miscellaneous
 L - a lamp of fire
Comestibles
 b - 36 rations


   Skills:
 + Level 9.0 Fighting
 + Level 9.2 Throwing
 - Level 2.4 Dodging
 - Level 1.0 Stealth
 + Level 10.5 Unarmed Combat
 - Level 2.1 Summonings
 + Level 3.8 Poison Magic
 + Level 9.0 Invocations
 + Level 5.2 Evocations


You had 3 spell levels left.
You knew the following spells:

 Your Spells              Type           Power        Failure   Level  Hunger
a - Ensorcelled Hibernat  Hex/Ice        #.....       52%         2    ###....
b - Confuse               Hex            #.......     77%         3    ####...
c - Summon Butterflies    Summ           #.......     17%         1    ##.....
d - Poisonous Vapours     Pois/Air       #.....       28%         2    ###....

Your spell library contained the following spells:

 Spells                   Type           Power        Failure   Level  Hunger
 Sting                    Conj/Pois      #...         19%         1    ##.....
 Corona                   Hex            #......      38%         1    ##.....
 Mephitic Cloud           Conj/Pois/Air  #.......     58%         3    ####...
 Dazzling Spray           Conj/Hex       #.....       77%         3    ####...
 Tukima's Dance           Hex            #.......     77%         3    ####...
 Olgreb's Toxic Radiance  Pois           #.......     65%         4    #####..
 Throw Icicle             Conj/Ice       #.......     99%         4    #####..
 Venom Bolt               Conj/Pois      #.........   99%         5    ######.
 Fireball                 Conj/Fire      #.........   100%        5    ######.
 Iskenderun's Battlesphe  Conj/Chrm      #.......     100%        5    ######.


Dungeon Overview and Level Annotations

Branches:
Dungeon (13/15)            Temple (1/1) D:6            Lair (0/6) D:11
    Orc (0/2) D:9           Sewer (visited)
 Vaults: D:13-14

Altars:
Ashenzari
Cheibriados
Dithmenos
Elyvilon
Fedhas
Gozag
Hepliaklqana
Kikubaaqudgha
Makhleb
Nemelex Xobeh
Okawaru
Qazlal
Ru
Sif Muna
Trog
Uskayaw
Vehumet
Wu Jian
Xom
Yredelemnul
Zin
The Shining One
Jiyva

Shops:
D:9 }[:[

Annotations:
D:4 2 transporters


Innate Abilities, Weirdness & Mutations

You are too large for most types of armour.
You have claws for hands.
Your metabolism is lightning-fast.
You like to eat raw meat.
Your natural rate of healing is unusually fast.
You are covered in fur. (AC +1)
You have extremely tough skin. (AC +3)


Message History

You block the hell hound's attack.
Found a stone staircase leading down.
Things that are here:
a +0 scimitar of flaming; 24 gold pieces Number of times to repeat, then command key: You must enter the number of times for the command to repeat.
You completely miss the hell hound. You mangle the hell hound!!
The hell hound is almost dead.
The hell hound bites you!
* * * LOW HITPOINT WARNING * * *
You mangle the hell hound!!
You kill the hell hound!
Okawaru accepts your kill. The fire elemental hits you.
* * * LOW HITPOINT WARNING * * *
The fire elemental burns you!
* * * LOW HITPOINT WARNING * * *
The fire elemental hits you. The fire elemental burns you!
You die...

......# #..# ......# ##.#
......## #.## ***** *******
.......# #..# *,,,***,,,,,,
.......# ##.# *,,,**,,,,,,,
.......# #.# *,,,,,,,,***,
.......# #.# *°○,**,,*****
.......######.#######...,*,***,**
...............)@E(..(>#,,,**,,,*
.......##.....÷######.##,*,****,*
.......##.......# **,**,*,**,,,*
#########.......# *,,,*,*,*,*,*,
### #.....((## *,,,*,,,*,,*,, ((#
#.)......# *,,,#.,©*©,*,* #(##
########.####....*,*,,*,, #(.#
##### #.(.....#***,*,*,*,
##.###...## #.#.##....#*,**,,,*


You could see a fire elemental.

Vanquished Creatures
  Azrael (D:13)
  2 hydras
  2 centaur warriors (D:13)
  A two-headed ogre (D:13)
  3 unseen horrors
  A wolf spider (D:12)
  A deep elf mage (D:13)
  2 cyclopes
  5 ugly things
  A manticore (D:13)
  2 gargoyles (D:13)
  A kobold demonologist (D:12)
  A komodo dragon (D:13)
  2 tengu conjurers (D:13)
  5 trolls
  4 hippogriffs
  A meliai zombie (D:13)
  A spriggan (shapeshifter) (D:13)
  A fire elemental (D:13)
  8 yaks
  A hungry ghost (D:11)
  Grum (D:8)
  A basilisk (D:11)
  3 wargs (D:9)
  An acid dragon (D:11)
  2 hell hounds (D:13)
  A water moccasin (D:9)
  A black bear (D:9)
  A hornet zombie (D:13)
  4 orc warriors
  4 eyes of draining
  2 sky beasts
  5 ogres
  2 phantoms
  4 wolves
  3 ice beasts
  15 centaurs
  3 crocodiles
  7 big kobolds
  8 bullfrogs
  A scorpion (D:8)
  A water moccasin zombie (D:4)
  11 killer bees
  3 wights (D:10)
  8 howler monkeys
  A bullfrog zombie (D:13)
  6 crimson imps
  3 centaur zombies
  3 centaur skeletons
  6 jellies
  9 hounds
  3 orc priests
  8 orc wizards
  5 bullfrog skeletons
  16 worker ants
  5 iguanas
  A hound skeleton (D:5)
  A howler monkey skeleton (D:11)
  14 adders
  A shadow imp (D:8)
  8 oozes
  2 adder skeletons
  An adder zombie (D:9)
  3 worms
  3 dart slugs
  2 leopard geckos
  28 orcs
  5 giant cockroaches
  7 goblins
  5 hobgoblins
  13 jackals
  8 quokkas
  2 ball pythons (D:2)
  8 bats
  9 frilled lizards
  A jackal zombie (D:5)
  40 kobolds
  A quokka skeleton (D:4)
  A quokka zombie (D:9)
  6 rats
373 creatures vanquished.

Vanquished Creatures (others)
  A sky beast (D:13)
  A bullfrog skeleton (D:9)
2 creatures vanquished.

Grand Total: 375 creatures vanquished

Notes
Turn   | Place    | Note
-------+----------+-------------------------------------------
     0 | D:1      | Emblim88 the Troll Monk began the quest for the Orb.
     0 | D:1      | Reached XP level 1. HP: 22/22 MP: 0/0
   151 | D:1      | Reached XP level 2. HP: 29/29 MP: 1/1
   414 | D:1      | Reached skill level 1 in Throwing
   858 | D:2      | Reached XP level 3. HP: 36/36 MP: 2/2
  1266 | D:2      | Reached XP level 4. HP: 45/45 MP: 3/3
  1536 | D:3      | You fall into a shaft and drop 3 floors!
  1557 | D:6      | Noticed an ice beast
  1636 | D:6      | Reached skill level 4 in Unarmed Combat
  1690 | D:6      | Found a staircase to the Ecumenical Temple.
  1705 | Temple   | Entered the Ecumenical Temple
  1948 | Temple   | Became a worshipper of Warmaster Okawaru
  1948 | Temple   | Reached * piety under Okawaru
  1948 | Temple   | Reached ** piety under Okawaru
  1967 | D:5      | Entered Level 5 of the Dungeon
  2038 | D:4      | Found a glowing drain.
  2046 | D:4      | Reached XP level 5. HP: 53/53 MP: 4/4
  2080 | Sewer    | Entered a sewer
  2114 | Sewer    | Noticed a crocodile
  2126 | Sewer    | Killed a crocodile
  2126 | Sewer    | Reached skill level 1 in Invocations
  2194 | Sewer    | Got a steaming marble ring
  2210 | Sewer    | Identified the cursed ring "Hust" {Int+3 Dex-3} (You found
                  | it in a sewer)
  2341 | D:4      | Found a transporter.
  2373 | D:4      | Reached XP level 6. HP: 60/62 MP: 6/6
  2530 | D:3      | Found a stormy altar of Qazlal.
  3278 | D:4      | Found a transporter.
  3291 | D:4      | Noticed an ice beast
  3297 | D:3      | Reached XP level 7. HP: 68/70 MP: 4/7
  3344 | D:4      | Noticed a fire bat
  3382 | D:4      | Reached skill level 5 in Unarmed Combat
  3881 | D:5      | Found a sparkling altar of Nemelex Xobeh.
  3891 | D:5      | Learned a level 2 spell: Ensorcelled Hibernation
  3895 | D:5      | Learned a level 3 spell: Confuse
  4392 | D:6      | Got an ominously black robe
  4407 | D:6      | Reached *** piety under Okawaru
  4431 | D:6      | Identified the cursed +0 robe of the Planets {rElec rC+
                  | SInv} (You found it on level 6 of the Dungeon)
  4980 | D:7      | Reached XP level 8. HP: 79/79 MP: 9/9
  4998 | D:7      | Received a gift from Okawaru
  5163 | D:7      | Reached skill level 5 in Fighting
  5163 | D:7      | Reached skill level 6 in Unarmed Combat
  5270 | D:7      | Noticed a hippogriff
  5282 | D:7      | Killed a hippogriff
  5727 | D:8      | Received a gift from Okawaru
  5801 | D:8      | Reached skill level 5 in Throwing
  5876 | D:8      | Found a shadowy altar of Dithmenos.
  5888 | D:8      | Reached **** piety under Okawaru
  5900 | D:8      | Reached XP level 9. HP: 25/88 MP: 8/11
  6024 | D:8      | Found an ancient bone altar of Kikubaaqudgha.
  6024 | D:8      | Found a sparkling altar of Nemelex Xobeh.
  6038 | D:8      | Reached skill level 5 in Invocations
  6059 | D:8      | Reached skill level 7 in Unarmed Combat
  6179 | D:8      | Noticed Grum
  6270 | D:8      | Killed Grum
  6709 | D:8      | Reached ***** piety under Okawaru
  7028 | D:9      | Found a staircase to the Orcish Mines.
  7113 | D:9      | Received a gift from Okawaru
  7122 | D:9      | Found a viscous altar of Jiyva.
  7392 | D:9      | Reached XP level 10. HP: 100/100 MP: 13/13
  7409 | D:9      | Reached skill level 8 in Unarmed Combat
  7429 | D:9      | Found Caqaq's Gadget Shop.
  7452 | D:9      | Bought a lamp of fire for 480 gold pieces
  7658 | D:9      | Found Uggymmem's Antique Armour Boutique.
  7695 | D:9      | Noticed a purple ugly thing
  7706 | D:9      | Killed a purple ugly thing
  7706 | D:9      | Reached skill level 1 in Evocations
  7782 | D:9      | Found a hide-covered altar of Uskayaw.
  7783 | D:9      | Found a sacrificial altar of Ru.
  7787 | D:9      | Found a shimmering blue altar of Sif Muna.
  7790 | D:9      | Found a white marble altar of Elyvilon.
  7791 | D:9      | Found a snail-covered altar of Cheibriados.
  7791 | D:9      | Found a shattered altar of Ashenzari.
  7792 | D:9      | Found a stormy altar of Qazlal.
  7812 | D:9      | Found Xocen's Book Emporium.
  7840 | D:9      | Found Imudyu's Armour Shoppe.
  7994 | D:9      | Received a gift from Okawaru
  8302 | D:10     | Entered Level 10 of the Dungeon
  8607 | D:10     | Identified Sif Muna's Almanac of Creative Combat Magic
  8618 | D:10     | Learned a level 1 spell: Summon Butterflies
  8711 | D:10     | Got a warped mace
  8965 | D:10     | Received a gift from Okawaru
  8975 | D:10     | Reached skill level 1 in Summonings
  9128 | D:10     | Reached XP level 11. HP: 106/109 MP: 15/15
  9337 | D:10     | Noticed a purple ugly thing
  9351 | D:10     | Killed a purple ugly thing
  9351 | D:10     | Reached skill level 9 in Unarmed Combat
  9524 | D:11     | Noticed a purple ugly thing
  9530 | D:11     | Killed a purple ugly thing
  9980 | D:11     | Noticed a seven-headed hydra
  9984 | D:11     | Killed a seven-headed hydra
 10114 | D:11     | Identified the +3 ring mail of Makhleb {Int+7 Dex+3}
 10189 | D:11     | Learned a level 2 spell: Poisonous Vapours
 10324 | D:11     | Found a staircase to the Lair.
 11033 | D:9      | Bought a scarf of repulsion for 144 gold pieces
 11233 | D:12     | Killed an unseen horror
 11355 | D:12     | Reached skill level 1 in Poison Magic
 11637 | D:12     | Noticed a brown ugly thing
 11644 | D:12     | Killed a brown ugly thing
 11746 | D:12     | Noticed a five-headed hydra
 11751 | D:12     | Killed a five-headed hydra
 11752 | D:12     | Received a gift from Okawaru
 11948 | D:12     | Found a shattered altar of Ashenzari.
 11953 | D:12     | Saw a vision of the Shoals and the Snake Pit.
 11953 | D:12     | Noticed a naga warrior
 11953 | D:12     | Noticed an anaconda
 11953 | D:12     | Noticed a shock serpent
 11953 | D:12     | Noticed a sea snake
 12278 | D:12     | Noticed a wolf spider
 12279 | D:12     | Noticed an unseen horror
 12283 | D:12     | Killed a wolf spider
 12288 | D:12     | Killed an unseen horror
 12288 | D:12     | Reached XP level 12. HP: 87/120 MP: 17/17
 12635 | D:13     | Noticed a two-headed ogre
 12639 | D:13     | Killed a two-headed ogre
 12639 | D:13     | Received a gift from Okawaru
 12697 | D:13     | Got a polished rapier {god gift}
 12723 | D:13     | Reached skill level 10 in Unarmed Combat
 12881 | D:13     | Noticed a centaur warrior
 12884 | D:13     | Noticed Azrael
 13232 | D:13     | Noticed a centaur warrior
 13248 | D:13     | Killed a centaur warrior
 13412 | D:13     | Killed a centaur warrior
 13412 | D:13     | Reached skill level 5 in Evocations
 13477 | D:13     | Received a gift from Okawaru
 13714 | D:13     | Got a steaming war axe {god gift}
 13729 | D:13     | Killed Azrael
 13734 | D:13     | Slain by a fire elemental

Levels and vault maps discovered:
D:1:      giann_horns, layout_loops_ring, minmay_stone_trees_medium,
          chequers_serial_rivers_micro_e, hangedman_glass_teeth,
          item_on_display_a
D:2:      layout_loops_ring, corexii_item_surrounded_by_moat
D:3:      layout_loops_cross, first_ration, grunt_qazlal_sundering
D:4:      gammafunk_cloud_chamber, layout_basic, cheibrodos_sewer_entry_sluice,
          hex_large
D:5:      layout_rooms, nemelex_xobeh_ov_fountains_minmay
D:6:      layout_loops_ring, minmay_temple_entry_butterflies, minmay_liquid_box
D:7:      layout_basic
D:8:      layout_loops_ring, gammafunk_temple_overflow_forgotten, uniq_grum
D:9:      layout_roguey, grunt_temple_overflow_open,
          minmay_orc_entry_guard_dogs, serial_shops, nicolae_shop_statue_plus,
          nicolae_shop_window_shopping, shop, shop,
          hangedman_little_slice_of_home, lemuel_flame_loot_1
D:10:     layout_irregular_city
D:11:     layout_long_grid, lair_entry_dummy
D:12:     layout_irregular_city, grunt_decor_arrowhead,
          grunt_ashenzari_visionary [grunt_ashenzari_visionary_shoals,
          grunt_ashenzari_visionary_snake]
D:13:     minmay_octagon_keep, layout_basic, enter_bailey_2,
          gammafunk_ghost_hive, gauntlet_entry_generic, uniq_azrael
Temple:   hc_temple_tempest_star

Skill      XL: |  1  2  3  4  5  6  7  8  9 10 11 12 |
---------------+-------------------------------------+-----
Throwing       | 1 2 3 4 5 6 7 8 9 |  9.2
Fighting       | 3 4 5 6 7 8 9 |  9.0
Unarmed Combat | 4 5 6 7 8 9 10 | 10.5
Invocations    | 1 2 3 4 6 7 8 9 |  9.0
Evocations     | 2 4 5 |  5.2
Summonings     | 1 2 |  2.1
Poison Magic   | 2 3 |  3.8
Dodging        | |  2.4
Stealth        | |  1.0

Action                   |  1- 3 |  4- 6 |  7- 9 | 10-12 || total
-------------------------+-------+-------+-------+-------++-------
Melee: Unarmed           |    80 |   157 |   258 |   562 ||  1057
       Punch             |     2 |       |     6 |    27 ||    35
Throw: Javelin           |    10 |    11 |    29 |    17 ||    67
       Stone             |       |       |     8 |     1 ||     9
       Dart              |       |       |    11 |     5 ||    16
       Boomerang         |       |       |     9 |     1 ||    10
       Large rock        |       |       |    13 |    85 ||    98
Invok: Heroism           |       |     1 |     4 |       ||     5
       Finesse           |       |       |       |     3 ||     3
Evoke: Wand              |       |       |     1 |       ||     1
       Lamp of fire      |       |       |       |     1 ||     1
  Use: Scroll            |       |     7 |     2 |    10 ||    19
       Potion            |       |     1 |     4 |     5 ||    10
 Stab: Sleeping          |     1 |     5 |     5 |     1 ||    12
  Eat: Chunk             |    17 |    19 |    35 |    62 ||   133
Armor: Robe              |    26 |    67 |    77 |   214 ||   384
Dodge: Dodged            |    28 |    74 |   112 |   248 ||   462
       Deflected         |       |       |       |    21 ||    21
Block: Other             |       |       |       |    47 ||    47
       Reflection        |       |       |       |     7 ||     7
